Description

This opening is a Gate expand / 8 stalkers pressure. Against a standard mine drop from the terran, you will be able to do many damage and kill the opponent. This replay comes from a ladder game.

After opening with this pressure, you can switch to a standard colossus playstyle.

Notes :

  • Start with a Gate Expand
  • 2 first chronoboost on the nexus, next one on the gateway
  • 2 stalkers on the first gateway
  • Never chronoboost the warp gate
  • 2 more gates at 3,10
  • 2 warps of stalkers for the attack and the next one for defense (at around 4,50)
  • At 5min, be ready for the drop then attack and focus the bunker

A big thanks to PartinG for this build order!

VOD

https://youtu.be/Jk5bwnsTi_w

Replay - Triton LE (76)

Build Order

Get SALT Encoding   

  12  0:00  Probe  
  13  0:13  Probe  
  14  0:17  Pylon  
  14  0:25  Probe (Chrono Boost)  
  16  0:36  Probe (Chrono Boost)  
  16  0:38  Gateway  
  16  0:42  Probe  
  16  0:46  Assimilator  
  17  0:54  Probe (Chrono Boost)  
  18  1:06  Probe (Chrono Boost)  
  19  1:14  Probe (Chrono Boost)  
  20  1:22  Nexus  
  20  1:32  Cybernetics Core  
  20  1:34  Probe  
  20  1:39  Assimilator  
  21  1:46  Probe  
  22  1:50  Pylon  
  23  2:05  Stalker (Chrono Boost)  
  25  2:09  Warp Gate  
  26  2:28  Stalker  
  30  2:42  Robotics Facility  
  33  3:01  Gateway x2  
  38  3:20  Pylon x2  
  39  3:30  Observer (Chrono Boost)  
  41  3:35  Assimilator  
  43  3:42  Warp Prism (Chrono Boost)  
  47  4:01  Stalker x2  
  51  4:06  Robotics Bay  
  51  4:07  Stalker  
  54  4:29  Nexus  
  54  4:34  Stalker x3  
  62  4:44  Pylon  
  53  5:02  Stalker x2  
  68  5:53  Observer  
  65  6:01  Colossus (Chrono Boost)  
  72  6:29  Extended Thermal Lance (Chrono Boost)  
  72  6:34  Zealot  
  72  6:38  Colossus (Chrono Boost)  
  72  6:39  Gateway x2  
  76  6:44  Twilight Council  
  87  7:07  Forge  
  87  7:11  Observer  
  87  7:14  Zealot  
  87  7:15  Charge (Chrono Boost)  
  93  7:23  Colossus (Chrono Boost)  
  99  7:36  Observer  
  99  7:39  Zealot x5  
  99  7:40  Protoss Ground Armor Level 1 (Chrono Boost)  
  99  7:43  Assimilator x2  
  109  7:49  Forge  
  109  8:03  Gateway  
  109  8:07  Immortal (Chrono Boost)  
  109  8:11  Zealot x3  
  133  8:35  Protoss Ground Weapons Level 1  
  133  8:39  Immortal  
  137  8:47  Blink (Chrono Boost)  
  137  8:53  Photon Cannon x2  
  137  8:58  Assimilator  
  112  9:22  Colossus (Chrono Boost)  
  101  9:28  Templar Archives  
  113  9:44  Shield Battery  
Spawning Tool Build Advisor. Get it on Overwolf

Go to:

Details

  • Created by: zuka      
  • Published on: Jan 27, 2020
  • Patch: 4.11.0
Show
View Real Time Build Order
Export as new Build Order

Comments (0)

There are no comments. Be the first!

Create an account to comment!